 Dungeon Crawl Stone Soup version 0.28-a0-447-g1f95980246 (console) character file.

Game seed: 10142268886739023937

118613 gresshopper the Bludgeoner (level 16, -5/120 HPs)
             Began as a Minotaur Fighter on Sept 10, 2021.
             Was the Champion of Yredelemnul.
             Slain by an angel (6 damage)
             ... on level 3 of the Abyss on Sept 12, 2021.
             The game lasted 02:00:16 (30346 turns).

gresshopper the Bludgeoner (Minotaur Fighter)      Turns: 30346, Time: 02:00:17

Health: -5/120     AC: 27    Str: 23      XL:     16   Next: 25%
Magic:  21/21      EV: 12    Int: 15 (16) God:    Yredelemnul [******]
Gold:   1589       SH:  5    Dex: 10      Spells: 4/23 levels left

rFire   + + .      SeeInvis .   P - +2 lajatang (elec)
rCold   x . .      Faith    .   (shield currently unavailable)
rNeg    . . .      Spirit   .   U - +1 fire dragon scales
rPois   .          Reflect  +   (helmet restricted)
rElec   .          Harm     .   W - +1 cloak {rCorr}
rCorr   +          Rampage  .   l - +1 pair of gloves
Will    +....                   y - +2 pair of boots
Stlth   ..........              o - amulet of reflection
HPRegen 0.00/turn               g - +4 ring of protection
MPRegen 0.17/turn               S - +6 ring of intelligence

@: mildly diseased, hasted, glowing, very quick
A: horns 2, retaliatory headbutt, [deterioration 1], [frail 2]
a: Renounce Religion, Recall Undead Slaves, Injury Mirror, Animate Dead, Drain
Life, Enslave Soul


You were on level 3 of the Abyss.
You worshipped Yredelemnul.
Yredelemnul was exalted by your worship.
You visited 3 branches of the dungeon, and saw 23 of its levels.
You visited the Abyss 2 times.

You collected 2156 gold pieces.
You spent 567 gold pieces at shops.

Inventory:

Hand Weapons
 a - the +6 dire flail of the Singing Asp {distort, Str+4 Dex+2 SInv}
   (You found it on level 5 of the Lair of Beasts)

   It warps and distorts space around it, and may blink, banish, or inflict
   extra damage upon those it strikes.
   Unwielding it can cause banishment or high damage.
   Str:       It affects your strength (+4).
   Dex:       It affects your dexterity (+2).
   SInv:      It lets you see invisible.
 P - a +2 lajatang of electrocution (weapon)
 X - a +1 morningstar of freezing
Missiles
 E - 455 stones
Armour
 c - a +0 buckler
 l - a +1 pair of gloves (worn)
 y - a +2 pair of boots (worn)
 G - +0 storm dragon scales
 U - +1 fire dragon scales (worn)
 W - a +1 cloak of preservation (worn)
Jewellery
 g - a +4 ring of protection (left hand)
 h - a ring of resist corrosion
 o - an amulet of reflection (around neck)
 r - a +6 ring of dexterity
 D - a +4 ring of evasion
 O - a ring of protection from fire
 R - a ring of magical power
 S - a +6 ring of intelligence (right hand)
 T - a ring of protection from cold
Wands
 b - a wand of paralysis (25)
 s - a wand of iceblast (16)
 u - a wand of mindburst (14)
 w - a wand of flame (27)
 C - a wand of charming (9)
 H - a wand of acid (20)
 Q - a wand of digging (5)
Scrolls
 f - 3 scrolls of fear
 i - 7 scrolls of fog
 k - 7 scrolls of teleportation
 p - 3 scrolls of amnesia
 x - 2 scrolls of identify
 A - a scroll of brand weapon
 B - a scroll of vulnerability
 I - 2 scrolls of blinking
 K - a scroll of silence
 L - 2 scrolls of summoning
 V - 3 scrolls of magic mapping
Potions
 d - 4 potions of might
 j - 2 potions of brilliance
 m - 4 potions of haste
 n - 2 potions of lignification
 t - 3 potions of mutation
 z - 3 potions of attraction
 F - a potion of invisibility
 M - 3 potions of flight
 N - a potion of magic
Miscellaneous
 v - a phantom mirror (inert)


   Skills:
 - Level 16.0 Fighting
 - Level 16.0(16.7) Maces & Flails
 + Level 9.0(13.5) Staves
 - Level 16.0 Armour
 - Level 6.7 Dodging
 - Level 4.0 Shields
 - Level 4.1 Spellcasting
 - Level 10.0 Translocations
 - Level 4.0 Invocations
 - Level 4.0 Evocations


You had 4 spell levels left.
You knew the following spells:

 Your Spells              Type           Power      Damage    Failure   Level
a - Apportation           Tloc           66%        N/A       1%          1
b - Blink                 Tloc           N/A        N/A       1%          2
c - Lesser Beckoning      Tloc           33%        N/A       1%          3
d - Manifold Assault      Tloc           33%        N/A       17%         5
e - Passage of Golubria   Tloc           N/A        N/A       6%          4
f - Iskenderun's Mystic   Conj/Tloc      18%        2d6       43%         4

Your spell library contained the following spells:

 Spells                   Type           Power      Damage    Failure   Level
 Animate Skeleton         Necr           6%         N/A       36%         1
 Beastly Appendage        Tmut           6%         N/A       36%         1
 Magic Dart               Conj           12%        1d3       36%         1
 Pain                     Necr           12%        1d4       36%         1
 Shock                    Conj/Air       12%        1d3       36%         1
 Sting                    Tmut/Pois      12%        1d3       36%         1
 Summon Small Mammal      Summ           12%        N/A       36%         1
 Call Imp                 Summ           3%         N/A       50%         2
 Corpse Rot               Necr/Air       N/A        N/A       50%         2
 Poisonous Vapours        Pois/Air       6%         N/A       50%         2
 Sublimation of Blood     Necr           1%         N/A       50%         2
 Wereblood                Tmut           3%         N/A       50%         2
 Call Canine Familiar     Summ           3%         N/A       75%         3
 Conjure Flame            Conj/Fire      3%         6-21      75%         3
 Dazzling Flash           Conj/Hex       6%         N/A       75%         3
 Ignite Poison            Fire/Tmut/Pois 3%         N/A       75%         3
 Mephitic Cloud           Conj/Pois/Air  3%         N/A       75%         3
 Spider Form              Tmut/Pois      1%         N/A       75%         3
 Stone Arrow              Conj/Erth      6%         3d7       75%         3
 Airstrike                Air            1%         N/A       98%         4
 Animate Armour           Summ/Erth      6%         N/A       98%         4
 Hailstorm                Conj/Ice       3%         3d3       98%         4
 Ice Form                 Ice/Tmut       3%         N/A       98%         4
 Leda's Liquefaction      Hex/Erth       1%         N/A       98%         4
 Olgreb's Toxic Radiance  Pois           3%         N/A       98%         4
 Petrify                  Tmut/Erth      3%         N/A       98%         4
 Sticky Flame             Conj/Fire      3%         2d3       98%         4
 Summon Lightning Spire   Summ/Air       3%         N/A       98%         4
 Agony                    Necr           3%         N/A       100%        5
 Alistair's Intoxication  Tmut/Pois      2%         N/A       100%        5
 Excruciating Wounds      Necr           1%         N/A       100%        5
 Irradiate                Conj/Tmut      1%         3d13      100%        5
 Lee's Rapid Deconstruct  Erth           1%         3d5*      100%        5
 Lightning Bolt           Conj/Air       1%         1d12      100%        5
 Metabolic Englaciation   Hex/Ice        1%         N/A       100%        5
 Silence                  Hex/Air        1%         N/A       100%        5
 Summon Mana Viper        Hex/Summ       3%         N/A       100%        5
 Eringya's Noxious Bog    Tmut/Pois      1%         N/A       100%        6
 Simulacrum               Ice/Necr       1%         N/A       100%        6
 Starburst                Conj/Fire      1%         6d3       100%        6
 Statue Form              Tmut/Erth      2%         N/A       100%        6
 Spellforged Servitor     Conj/Summ      1%         N/A       100%        7
 Storm Form               Tmut/Air       1%         N/A       100%        7
 Lehudib's Crystal Spear  Conj/Erth      1%         10d2      100%        8
 Maxwell's Capacitive Co  Air            1%         ∞         100%        8
 Chain Lightning          Conj/Air       1%         3d2       100%        9


Dungeon Overview and Level Annotations

Branches:
Dungeon (15/15)            Temple (0/1) D:5            Lair (6/6) D:9
  Swamp (0/4) Lair:2       Spider (0/4) Lair:2        Slime (0/5) Lair:6
    Orc (2/2) D:9             Elf (0/3) Orc:2        Vaults (0/5) D:14
 Depths (0/5) D:15

Altars:
Cheibriados
Elyvilon
Fedhas
Gozag
Kikubaaqudgha
Makhleb
Nemelex Xobeh
Okawaru
Qazlal
Ru
Sif Muna
Uskayaw
Vehumet
Wu Jian
Yredelemnul
Zin
The Shining One
Beogh
Jiyva

Shops:
D:8 *   D:11 [   Orc:2 [??:

Annotations:
D:3 1 runed translucent door, exclusion: door, Crazy Yiuf
D:8 exclusion: upstairs
D:13 3 runed translucent doors, exclusion: 3 doors, silenth's ghost, journeyman MiCA


Innate Abilities, Weirdness & Mutations

You have a pair of horns on your head.
You reflexively headbutt those who attack you in melee.
[Your body sometimes deteriorates upon taking damage.]
[You are very frail. (-20% HP)]


Message History

Your angel hits the angel with a +2 whip of holy wrath. x2
The angel closely misses your angel. The angel misses your angel.
The +1 long sword of holy wrath hits your angel!
Unknown command.
You feel better.
The angel gestures.
The angel is healed somewhat.
Your angel hits the +1 long sword of holy wrath with a +2 whip of holy wrath!
Your angel hits the +1 long sword of holy wrath but does no damage.
The +1 long sword of holy wrath closely misses your angel.
Your angel hits the +1 long sword of holy wrath but does no damage.
Your angel barely misses the +1 long sword of holy wrath.
The angel misses your angel. x2
The +1 long sword of holy wrath hits your angel!
Your angel barely misses the +1 long sword of holy wrath. x2
The +1 long sword of holy wrath hits your angel!
Unknown command.
Aiming: Corrosive Bolt
Press: ? - help, Shift-Dir - straight line, f/p - angel
Aim: an angel, wielding a +2 whip of holy wrath and wearing a +0 robe (heavily wounded, covered in acid, haloed, 59% to hit)
The bolt of acid hits the angel!
The angel is heavily wounded.
The angel gestures.
The angel is healed somewhat.
Your angel gestures.
Your angel is healed somewhat.
The +1 long sword of holy wrath hits your angel!
Your angel hits the +1 long sword of holy wrath but does no damage.
Your angel hits the +1 long sword of holy wrath with a +2 whip of holy wrath!
The +1 long sword of holy wrath hits your angel!
You feel yourself speed up. The angel hits you but does no damage.
The angel completely misses you.
The +1 long sword of holy wrath barely misses your angel.
Your angel hits the +1 long sword of holy wrath with a +2 whip of holy wrath!
Your angel misses the +1 long sword of holy wrath.
The angel hits you with a +2 whip of holy wrath!
* * * LOW HITPOINT WARNING * * *
The angel hits you with a +2 whip of holy wrath.
You die...
Your body rises from the dead as a mindless zombie.

.#... ## .....
.♣♣###....
.......#
♣♣.....#
#......##
##......#
##..@....#####
.#....A.#.##..#
#....∩A......###
....#'('#....#.#
... #...#...###
. .. #.⌠.#..##
.#.. . #...#..#
. .. ##.##... ..
.. #+ 8..#. .# .


You could see an angel (corroded), a +1 long sword of holy wrath (ally target)
and a friendly angel (summoned, corroded, drained).

Vanquished Creatures
  Rupert (D:15)
  2 tentacled starspawn
  Snorg (D:9)
  A deep elf death mage (D:12)
  2 great orbs of eyes (Abyss:2)
  A boulder beetle (D:11)
  5 vault guards (D:14)
  6 hydras
  2 rakshasas
  An ogre mage (Orc:2)
  A catoblepas (Lair:6)
  4 two-headed ogres
  A centaur warrior (D:13)
  A death knight (D:15)
  2 death yaks (Lair:3)
  A tengu warrior (D:13)
  Urug (Orc:2)
  Sonja (D:11)
  3 wretched stars (Abyss:2)
  An anaconda zombie (Abyss:2)
  4 skeletal warriors (D:13)
  7 large abominations (Abyss:2)
  A wizard (D:12)
  An orc knight (Orc:2)
  A deep elf zephyrmancer (D:12)
  4 deep elf pyromancers (D:12)
  5 ugly things (D:15)
  2 salamanders (D:12)
  3 orc sorcerers
  A manticore (D:15)
  4 black mambas
  A centaur zombie (D:11)
  5 elephants
  A gargoyle (D:12)
  An unseen horror (D:12)
  A spriggan zombie (Abyss:2)
  12 cane toads
  2 rime drakes (Lair:6)
  8 komodo dragons
  4 kobold demonologists
  4 tengu conjurers (D:12)
  A freezing wraith (Abyss:2)
  An ice devil (Abyss:2)
  4 hellwings (Abyss:2)
  6 trolls
  A troll (shapeshifter) (Abyss:2)
  2 polar bears
  5 ancient zymes (Abyss:2)
  4 meliai (D:15)
  2 hornets (D:7)
  8 slime creatures
  4 raiju (Abyss:2)
  15 blink frogs
  8 dream sheep
  A shadow (D:10)
  Sigmund (D:6)
  A redback (Lair:2)
  A water elemental (D:14)
  6 ynoxinuls (Abyss:2)
  A wyvern (Lair:5)
  2 vampires
  4 wraiths
  Eustachio (D:4)
  60 yaks
  3 chaos spawn (Abyss:2)
  6 vampire mosquitoes
  5 small abominations (Abyss:2)
  Menkaure (D:5)
  2 neqoxecs (Abyss:2)
  A steam dragon (D:10)
  13 water moccasins
  A sky beast (D:5)
  An ice beast (D:8)
  7 orc warriors
  3 black bears
  6 centaurs
  10 wolves
  8 ogres
  2 phantoms
  2 kobold brigands (D:9)
  8 bullfrogs
  3 gnoll sergeants (D:9)
  3 scorpions
  3 killer bees (D:10)
  4 howler monkeys
  3 wights (D:9)
  3 hounds
  A jelly (D:5)
  A gnoll shaman (D:6)
  A centaur skeleton (D:5)
  An iguana (D:4)
  5 orc priests
  An iron imp (Abyss:3)
  Jessica (D:3)
  Ijyb (D:3)
  13 orc wizards
  A hound zombie (D:5)
  2 hound skeletons
  11 gnolls
  A howler monkey skeleton (D:6)
  8 adders
  2 shadow imps (D:5)
  A white imp (D:4)
  7 ufetubi
  3 worms
  4 dart slugs
  46 orcs
  7 endoplasms
  A giant cockroach (D:4)
  2 goblins (D:2)
  11 hobgoblins
  6 jackals (D:3)
  14 kobolds
  7 quokkas
  8 ball pythons
  8 bats
  5 frilled lizards
  A jackal skeleton (D:4)
  3 rats
  A lurking horror (Abyss:2)
532 creatures vanquished.

Vanquished Creatures (collateral kills)
  2 very ugly things (D:15)
  Nessos (Lair:4)
  A great orb of eyes (D:15)
  3 vault guards (D:14)
  2 hydras
  5 ogre magi
  A centaur warrior (D:14)
  A boulder beetle (Lair:2)
  8 two-headed ogres
  2 tengu warriors (D:14)
  2 death yaks (Lair:3)
  A deep troll earth mage (D:12)
  Nergalle (Orc:2)
  A salamander mystic (D:12)
  3 deep elf pyromancers
  An orc knight (Orc:2)
  5 ugly things (D:15)
  An oklob plant (Lair:3)
  A manticore (D:11)
  2 salamanders (D:12)
  3 cyclopes
  2 slime creatures
  6 orc sorcerers (Orc:2)
  A wolf spider (D:15)
  8 elephants (Lair:5)
  A centaur zombie (D:10)
  3 cane toads
  3 black mambas
  A smoke demon (Abyss:2)
  An unseen horror (shapeshifter) (D:15)
  5 rime drakes
  4 komodo dragons
  A tengu conjurer (D:14)
  2 burning bushes (Lair:4)
  15 blink frogs
  2 meliai (D:15)
  5 dream sheep
  A redback (Lair:2)
  A tarantella (shapeshifter) (D:15)
  2 wyverns
  19 yaks
  3 wraiths
  4 basilisks
  2 vampire mosquitoes (D:13)
  11 water moccasins
  A sky beast (Abyss:2)
  4 orc warriors
  2 ice beasts (D:6)
  10 ogres
  9 wolves
  4 centaurs
  A kobold brigand (D:11)
  A wyvern zombie (D:6)
  A small abomination (Abyss:2)
  3 bullfrogs
  2 killer bees (D:10)
  A gnoll shaman (D:7)
  An orc priest (Orc:1)
  8 orc wizards (Orc:2)
  2 howler monkey zombies
  2 gnolls
  11 orcs
  2 kobolds (D:11)
  A bush (Lair:4)
  A plant (Lair:6)
217 creatures vanquished.

Vanquished Creatures (others)
  3 skeletal warriors
  A flayed ghost (Abyss:2)
  A phantasmal warrior (D:11)
  A kobold demonologist (D:12)
  4 vampires
  16 flying skulls
  A wraith (D:15)
  2 wights
  An orc wizard (Orc:2)
  A meliai zombie (D:15)
  A black mamba zombie (Lair:5)
  5 vampire mosquito zombies
  2 blink frog zombies
  An elephant zombie (Lair:5)
  A polar bear zombie (Lair:6)
  A two-headed ogre zombie (D:10)
  5 water moccasin zombies (Lair:6)
  A scorpion zombie (D:6)
  An ogre zombie (Orc:2)
  2 bullfrog zombies
  A gnoll skeleton (D:6)
  A gnoll zombie (D:7)
  A hound zombie (D:7)
  A howler monkey zombie (D:8)
  A human zombie (D:6)
  A killer bee zombie (D:10)
  A kobold skeleton (D:9)
  2 kobold zombies
  19 orc zombies
  2 raiju zombies (Abyss:2)
  A troll zombie (Orc:2)
  11 yak zombies
  122 fungi
  178 plants
  5 starspawn tentacles
398 creatures vanquished.

Grand Total: 1147 creatures vanquished

Notes
Turn   | Place    | Note
-------+----------+-------------------------------------------
     0 | D:1      | gresshopper the Minotaur Fighter began the quest for the
                  | Orb.
     0 | D:1      | Reached XP level 1. HP: 19/19 MP: 0/0
   150 | D:1      | Reached XP level 2. HP: 19/26 MP: 1/1
   598 | D:2      | Reached XP level 3. HP: 28/31 MP: 2/2
   959 | D:2      | Reached skill level 5 in Maces & Flails
  1292 | D:3      | Found a faded altar of an unknown god.
  1299 | D:3      | Reached XP level 4. HP: 39/39 MP: 3/3
  1384 | D:3      | Noticed Jessica
  1674 | D:3      | Noticed Ijyb
  1679 | D:3      | Killed Ijyb
  1719 | D:3      | Reached XP level 5. HP: 38/45 MP: 4/4
  1991 | D:3      | Found a runed translucent door.
  1992 | D:3      | Noticed Crazy Yiuf
  2055 | D:3      | Killed Jessica
  2218 | D:4      | Noticed a black bear
  2225 | D:4      | Reached XP level 6. HP: 50/51 MP: 5/5
  2490 | D:4      | Noticed Eustachio
  2498 | D:4      | Killed Eustachio
  2499 | D:4      | Reached XP level 7. HP: 57/57 MP: 6/6
  2637 | D:4      | Found a basalt altar of Yredelemnul.
  2640 | D:4      | Became a worshipper of Yredelemnul the Dark
  2786 | D:4      | Found a burning altar of Makhleb.
  2996 | D:5      | Entered Level 5 of the Dungeon
  3077 | D:5      | Reached skill level 10 in Maces & Flails
  3077 | D:5      | Noticed Menkaure
  3083 | D:5      | Killed Menkaure
  3111 | D:5      | Noticed a yak
  3113 | D:5      | Noticed a yak
  3113 | D:5      | Noticed a yak
  3121 | D:5      | Killed a yak
  3122 | D:5      | Reached XP level 8. HP: 49/64 MP: 7/7
  3164 | D:5      | Reached skill level 5 in Fighting
  3437 | D:5      | Found a staircase to the Ecumenical Temple.
  3543 | D:5      | Found a stormy altar of Qazlal.
  3635 | D:5      | Found a glowing golden altar of the Shining One.
  3805 | D:5      | Reached skill level 1 in Evocations
  4296 | D:5      | Reached XP level 9. HP: 70/75 MP: 8/8
  4342 | D:5      | Reached * piety under Yredelemnul
  4790 | D:6      | Noticed Sigmund
  4805 | D:6      | Killed Sigmund
  4940 | D:6      | Reached skill level 1 in Invocations
  4987 | D:6      | Found a radiant altar of Vehumet.
  5075 | D:6      | Your ally Sigmund died
  5440 | D:6      | Found a sparkling altar of Nemelex Xobeh.
  5679 | D:6      | Noticed a troll
  5688 | D:6      | Killed a troll
  5801 | D:6      | Found a sacrificial altar of Ru.
  5919 | D:6      | Found an opulent altar of Gozag.
  5920 | D:6      | Found a glowing silver altar of Zin.
  6535 | D:6      | Reached skill level 5 in Armour
  7025 | D:7      | Reached XP level 10. HP: 85/91 MP: 12/12
  7027 | D:7      | Reached ** piety under Yredelemnul
  7191 | D:7      | Found a white marble altar of Elyvilon.
  7315 | D:7      | Found a snail-covered altar of Cheibriados.
  7316 | D:7      | Found an ancient bone altar of Kikubaaqudgha.
  7316 | D:7      | Found an ornate altar of the Wu Jian Council.
  7317 | D:7      | Found a hide-covered altar of Uskayaw.
  7440 | D:8      | Found Viat's Overcharged Wands.
  8842 | D:9      | Reached skill level 10 in Fighting
  8921 | D:9      | Reached *** piety under Yredelemnul
  8927 | D:9      | Reached XP level 11. HP: 87/99 MP: 13/13
  9048 | D:9      | Found a staircase to the Orcish Mines.
  9504 | D:9      | Received a gift from Yredelemnul (4 flying skulls)
  9727 | D:9      | Found an iron altar of Okawaru.
  9895 | D:9      | Found a staircase to the Lair.
  9903 | D:9      | Reached skill level 10 in Armour
  9928 | D:10     | Entered Level 10 of the Dungeon
 10096 | D:10     | Noticed a two-headed ogre
 10102 | D:10     | Killed a two-headed ogre
 10103 | D:10     | Noticed a two-headed ogre
 10109 | D:10     | Killed a two-headed ogre
 10316 | D:10     | Noticed Snorg
 10367 | D:9      | Killed Snorg
 10368 | D:9      | Reached skill level 15 in Maces & Flails
 11161 | Lair:1   | Entered Level 1 of the Lair of Beasts
 11516 | Lair:1   | Reached skill level 1 in Dodging
 12144 | Lair:1   | Reached XP level 12. HP: 93/110 MP: 14/14
 12651 | Lair:1   | Upgraded the game from 0.28-a0-429-g1448048969 to
                  | 0.28-a0-447-g1f95980246
 12696 | Lair:1   | Reached skill level 5 in Dodging
 12939 | Lair:2   | Noticed a seven-headed hydra
 12947 | Lair:2   | Killed a seven-headed hydra
 12947 | Lair:2   | Received a gift from Yredelemnul (5 flying skulls)
 13216 | Lair:2   | Found a hole to the Spider Nest.
 13281 | Lair:2   | Found a staircase to the Swamp.
 13340 | Lair:2   | Noticed a boulder beetle
 13358 | Lair:2   | Killed a boulder beetle
 13666 | Lair:2   | Noticed a seven-headed hydra
 13675 | Lair:2   | Killed a seven-headed hydra
 13675 | Lair:2   | Reached **** piety under Yredelemnul
 13684 | Lair:2   | Received a gift from Yredelemnul (a wraith)
 14013 | Lair:3   | You fall into a shaft and drop 2 floors!
 14227 | Lair:5   | Received a gift from Yredelemnul (5 flying skulls)
 14416 | Lair:5   | Identified the +6 dire flail of the Singing Asp {distort,
                  | Str+4 Dex+2 SInv}
 14442 | Lair:5   | Noticed a seven-headed hydra
 14447 | Lair:5   | Killed a seven-headed hydra
 14527 | Lair:5   | Received a gift from Yredelemnul (a wight)
 14664 | Lair:5   | Received a gift from Yredelemnul (2 flying skulls)
 14669 | Lair:5   | Reached skill level 15 in Fighting
 14672 | Lair:5   | Reached XP level 13. HP: 98/126 MP: 15/15
 14885 | Lair:5   | Received a gift from Yredelemnul (a wight)
 15367 | Lair:3   | Reached ***** piety under Yredelemnul
 15452 | Lair:3   | Received a gift from Yredelemnul (a phantasmal warrior)
 16095 | Lair:4   | Noticed Nessos
 16104 | Lair:4   | Killed Nessos
 16836 | Lair:4   | Learned a level 1 spell: Apportation
 16839 | Lair:4   | Learned a level 2 spell: Blink
 16843 | Lair:4   | Learned a level 3 spell: Lesser Beckoning
 16849 | Lair:4   | Learned a level 5 spell: Manifold Assault
 17385 | Lair:6   | Entered Level 6 of the Lair of Beasts
 17390 | Lair:6   | Reached skill level 1 in Translocations
 17396 | Lair:6   | Received a gift from Yredelemnul (a vampire)
 17882 | Lair:6   | Received a gift from Yredelemnul (a vampire)
 18157 | Lair:6   | Reached XP level 14. HP: 124/135 MP: 16/16
 18183 | Lair:6   | Reached skill level 5 in Translocations
 18184 | Lair:6   | Received a gift from Yredelemnul (a vampire)
 18604 | Lair:6   | Found a staircase to the Slime Pits.
 18606 | Lair:6   | Found a viscous altar of Jiyva.
 19207 | D:11     | Received a gift from Yredelemnul (a wraith)
 19531 | D:11     | Received a gift from Yredelemnul (a skeletal warrior)
 19941 | D:11     | Noticed Sonja
 19943 | D:11     | Killed Sonja
 20002 | D:11     | Found Diepp's Armour Boutique.
 20857 | D:12     | Found the +3 salamander hide armour {Flames rF++ rC--}
 21096 | D:12     | Received a gift from Yredelemnul (a skeletal warrior)
 21482 | D:12     | Got the Papyrus of Toxins
 21514 | D:12     | Got the Compendium of Creative Poison
 21535 | D:12     | Found a shimmering blue altar of Sif Muna.
 21652 | D:12     | Received a gift from Yredelemnul (a vampire knight)
 21653 | D:12     | Reached skill level 1 in Spellcasting
 21901 | D:12     | Got the Almanac of Feathers
 21903 | D:12     | Got the Handbook of Supportive Transmutation
 22235 | Orc:1    | Entered Level 1 of the Orcish Mines
 22657 | Orc:2    | Entered Level 2 of the Orcish Mines
 22670 | Orc:2    | Noticed Urug
 22681 | Orc:2    | Killed Urug
 23137 | Orc:2    | Received a gift from Yredelemnul (a vampire knight)
 23251 | Orc:2    | Learned a level 4 spell: Passage of Golubria
 23505 | Orc:2    | Found a staircase to the Elven Halls.
 23665 | Orc:2    | Found Xoafol's Book Shoppe.
 23767 | Orc:2    | Found a radiant altar of Vehumet.
 23783 | Orc:2    | Received a gift from Yredelemnul (a vampire)
 23790 | Orc:2    | Noticed Nergalle
 23792 | Orc:2    | Found an ancient bone altar of Kikubaaqudgha.
 23800 | Orc:2    | Killed Nergalle
 23880 | Orc:2    | Found Otonoacs's Magic Scroll Shoppe.
 23884 | Orc:2    | Reached XP level 15. HP: 141/141 MP: 16/19
 23996 | Orc:2    | Found Dureg's Magic Scroll Emporium.
 24014 | Orc:2    | Found Agatteam's Antique Armour Shoppe.
 24016 | Orc:2    | Bought a scroll of fog for 24 gold pieces
 24016 | Orc:2    | Bought a scroll of enchant weapon for 90 gold pieces
 24016 | Orc:2    | Bought a scroll of teleportation for 36 gold pieces
 24030 | Orc:2    | Bought a scroll of teleportation for 39 gold pieces
 24030 | Orc:2    | Bought a scroll of teleportation for 39 gold pieces
 24030 | Orc:2    | Bought a scroll of teleportation for 39 gold pieces
 24039 | Orc:2    | Bought a pair of glowing boots for 150 gold pieces
 24039 | Orc:2    | Bought an embroidered cloak for 150 gold pieces
 24512 | D:13     | Received a gift from Yredelemnul (a vampire)
 24638 | D:13     | Identified the +8 scythe of the Glimmering Bear {chaos,
                  | +Blink rF++ rN+ Int-4}
 25161 | D:13     | Found a runed translucent gate.
 25161 | D:13     | Found a runed translucent gate.
 25161 | D:13     | Found a runed translucent gate.
 25163 | D:13     | Noticed silenth's ghost (journeyman MiCA)
 25564 | D:13     | Received a gift from Yredelemnul (a skeletal warrior)
 26013 | D:14     | Reached skill level 10 in Translocations
 26018 | D:14     | Received a gift from Yredelemnul (a vampire)
 26214 | D:14     | Found a blossoming altar of Fedhas.
 26449 | D:14     | Found a gate to the Vaults.
 26486 | D:14     | Reached skill level 15 in Armour
 26866 | D:15     | Entered Level 15 of the Dungeon
 27169 | D:15     | Noticed Rupert
 27189 | D:15     | Killed Rupert
 27471 | D:15     | Learned a level 4 spell: Iskenderun's Mystic Blast
 27657 | D:15     | Received a gift from Yredelemnul (a ghoul)
 27943 | D:15     | Found a staircase to the Depths.
 28247 | D:15     | Cast into level 2 of the Abyss (unwielding a weapon of
                  | distortion)
 28278 | Abyss:2  | Found a shimmering blue altar of Sif Muna.
 28364 | Abyss:2  | Reached skill level 1 in Staves
 28450 | Abyss:2  | Reached ****** piety under Yredelemnul
 28713 | Abyss:2  | Found a corrupted altar of Lugonu.
 28844 | Abyss:2  | Received a gift from Yredelemnul (a skeletal warrior)
 28899 | Abyss:2  | Paralysed by a great orb of eyes for 5 turns
 28958 | Abyss:2  | Reached XP level 16. HP: 113/151 MP: 21/21
 29009 | Abyss:2  | Paralysed by a great orb of eyes for 6 turns
 29018 | Abyss:2  | Reached skill level 5 in Staves
 29184 | Abyss:2  | Received a gift from Yredelemnul (a skeletal warrior)
 29459 | Abyss:3  | Noticed a tentacled starspawn
 29465 | Abyss:3  | Killed a tentacled starspawn
 29513 | D:15     | Escaped the Abyss
 29928 | Lair:6   | Cast into level 2 of the Abyss (a wizard)
 30277 | Abyss:2  | Received a gift from Yredelemnul (a flayed ghost)
 30289 | Abyss:2  | Noticed a tentacled starspawn
 30322 | Abyss:2  | Killed a tentacled starspawn
 30340 | Abyss:3  | HP: 6/120 [angel (13)]
 30346 | Abyss:3  | HP: 1/120 [angel (14)]
 30346 | Abyss:3  | Slain by an angel

Illustrated notes

Levels and vault maps discovered:
D:1:      amcnicky_arrival_wind_blow, layout_rooms
D:2:      layout_loops_cross, minmay_cut_off
D:3:      layout_basic, basic_ecumenical_altar, serial_curves, eino_curves_01,
          eino_curves_02, uniq_crazy_yiuf_cottage, uniq_ijyb, uniq_jessica
D:4:      layout_cave_pools, kennysheep_little_box, kennysheep_mini_moat,
          kennysheep_generic_room_6, uniq_eustachio
D:5:      minmay_thinvault, layout_loops_cross,
          mainiacjoe_overflow_surrounded_room, tso_metal_star, temple_doors_cd,
          uniq_menkaure
D:6:      layout_cave_pods, grunt_temple_overflow_gold_and_silver,
          vehumet_crystals, nemelex_spade_bored_becter,
          nicolae_ru_the_path_less_chosen, minmay_crystal_water, uniq_sigmund
D:7:      layout_rooms, nicolae_overflow_hidden_temple, minitemple
D:8:      layout_basic, special_room [special_room_orc],
          nicolae_shop_overcharged_wands
D:9:      layout_stronghold, mainiacjoe_overflow_alcove_4,
          grunt_lair_entry_orc_guard_hut,
          kennysheep_orc_monster_closet_entryway, kennysheep_boxes
D:10:     layout_loops_corners, uniq_snorg
D:11:     layout_small_grid, serial_shops, shop,
          minmay_fractal_squares_diagonal_5, uniq_sonja
D:12:     evilmike_library_of_no_secrets, layout_rooms,
          hellmonk_guarded_unrand_salamander
D:13:     layout_cave_pods, ebering_ghost_rock_garden
D:14:     layout_cave_pools, erik_vaults_2, fedhas_altar_2,
          serial_bayou_lagoon_a
D:15:     gammafunk_enter_depths_forms, layout_rooms, grunt_decor_mini_mirrors,
          uniq_rupert
Lair:1:   layout_cave_shapes
Lair:2:   layout_gridlike, swamp_mist_pool, spider_nest_entry_webs
Lair:3:   layout_gridlike, enter_volcano_2, serial_bayou_pond_e,
          beast_lair_carwin_11, serial_bayou_shore_b
Lair:4:   layout_roguey, evilmike_ambush [evilmike_ambush_outer_basic,
          evilmike_ambush_inner_basic], grunt_megastairs_1,
          infiniplex_staircase_pool_2, lemuel_fruit_tree, uniq_nessos
Lair:5:   layout_cave_shapes, grunt_megastairs_5
Lair:6:   evil_forest, layout_misc_corridors, slime_altar_1
Orc:1:    layout_caves
Orc:2:    kennysheep_orc_mage_school, layout_diamond_mine, uniq_urug
Abyss:3:  base: D:10, gammafunk_abyss_rune_reverse_zot, base: Lair:6,
          evilmike_abyss_rune_tso_outpost

Skill      XL: |  1  2  3  4  5  6  7  8  9 10 11 12 13 14 15 16 |
---------------+-------------------------------------------------+-----
Maces & Flails | 3 4 5 6 7 9 11 12 14 16 | 16.0
Fighting       | 6 9 10 11 15 16 | 16.0
Armour         | 4 6 8 10 14 16 | 16.0
Evocations     | 4 |  4.0
Invocations    | 4 |  4.0
Shields        | 4 |  4.0
Dodging        | 3 6 |  6.7
Translocations | 4 9 10 | 10.0
Spellcasting   | 3 4 |  4.1
Staves         | 4 9 |  9.0

Action                   |  1- 3 |  4- 6 |  7- 9 | 10-12 | 13-15 | 16-18 || total
-------------------------+-------+-------+-------+-------+-------+-------++-------
Melee: Flail             |    91 |   120 |   232 |       |       |       ||   443
       Headbutt          |    14 |    18 |    60 |   119 |   162 |    29 ||   402
       Morningstar       |       |       |    43 |   445 |       |       ||   488
       Dire flail        |       |       |       |    30 |   644 |       ||   674
       Lajatang          |       |       |       |       |   116 |   163 ||   279
Throw: Stone             |       |       |       |    17 |    45 |       ||    62
 Cast: Manifold Assault  |       |       |       |       |    51 |       ||    51
       Passage of Golubr |       |       |       |       |     4 |       ||     4
       Blink             |       |       |       |       |       |     3 ||     3
Invok: Animate Remains   |       |       |    14 |    23 |       |       ||    37
       Animate Dead      |       |       |       |    34 |    76 |       ||   110
       Recall Undead Sla |       |       |       |     3 |    16 |     1 ||    20
       Drain Life        |       |       |       |       |     2 |       ||     2
Evoke: Wand              |       |     2 |     3 |     1 |     2 |     6 ||    14
       Phantom mirror    |       |       |       |       |     1 |     1 ||     2
  Use: Scroll            |       |     7 |     5 |     4 |    20 |     4 ||    40
       Potion            |       |       |     1 |       |     4 |    13 ||    18
 Stab: Paralysed         |       |     6 |     2 |       |     3 |       ||    11
       Distracted        |       |       |     2 |    11 |     8 |       ||    21
       Petrified         |       |       |       |       |     3 |       ||     3
       Confused          |       |       |       |       |     2 |       ||     2
Armor: Scale mail        |    51 |    33 |       |       |       |       ||    84
       Chain mail        |       |    43 |   120 |       |       |       ||   163
       Plate armour      |       |       |    10 |    93 |       |       ||   103
       Storm dragon scal |       |       |       |   100 |   168 |       ||   268
       Fire dragon scale |       |       |       |       |   131 |    97 ||   228
Dodge: Dodged            |    47 |    38 |    51 |   123 |   270 |    79 ||   608
Block: Buckler           |    19 |    65 |   122 |   184 |       |       ||   390
       Reflection        |       |     2 |     3 |     2 |     7 |     1 ||    15
       Other             |       |       |       |     9 |   128 |    33 ||   170

Table legend: (Time is in decaauts)
 A = Elapsed time spent in this place.
 B = Non-inter-level travel time spent in this place.
 C = Inter-level travel time spent in this place.
 D = Time resting spent in this place.
 E = Time spent auto-exploring this place.
 F = Levels seen in this place.
 G = Mean time per level.
                   A        B        C        D        E       F      G
               +--------+--------+--------+--------+--------+-----+--------+
         Total |  30003 |  28520 |   1483 |   5655 |  16661 |  27 | 1111.2 |
       Dungeon |  18387 |  17371 |   1016 |   3571 |  10340 |  15 | 1225.8 |
          Lair |   7966 |   7599 |    367 |   1152 |   5177 |   6 | 1327.7 |
  Orcish Mines |   2023 |   1923 |    100 |    504 |   1076 |   2 | 1011.5 |
         Abyss |   1625 |   1625 |      0 |    428 |     68 |   4 |  406.2 |
               +--------+--------+--------+--------+--------+-----+--------+

Top non-repeatable levels by time:
    D:12: 1841 daAuts
     D:6: 1773 daAuts
  Lair:1: 1679 daAuts
     D:5: 1664 daAuts
  Lair:6: 1617 daAuts
   Orc:2: 1561 daAuts
 Abyss:2: 1535 daAuts
     D:8: 1506 daAuts
    D:15: 1495 daAuts
    D:10: 1476 daAuts
     D:9: 1330 daAuts
  Lair:5: 1261 daAuts
    D:13: 1215 daAuts
  Lair:4: 1157 daAuts
  Lair:2: 1145 daAuts
